cohdb
Replays
Latest Replays
All Replays
Popular Replays
Top Player Replays
Match Explorer
How It Works
Community
CoH3 Stats
Reddit
Sign in to upload your games and track your stats! →
Sign in with Steam
Match 40054160
Unlisted
Match 40054160
Overview
Messages
Build Orders
End
Kradschützen Motorcycle Team
Selects Armored Support Battlegroup
250 Light Carrier
Panzergrenadier Squad
Panzergrenadier Squad
Construct Light Support Kompanie
Panzerjäger Squad
Selects Superior Fire Drills
Construct Mechanized Kompanie
Support Armor Elements
StuG III D Assault Gun
StuG III D Assault Gun
deadsadbadmad
Alessandro-9891
legranduke
__Alien____
0
0
Comments
sign in to comment!
No comments posted yet!